 Dungeon Crawl Stone Soup version 0.30-a0-777-ga9a30cbeda (console) character file.

Game seed: 1384764541230657271

212 rlgrobin the Chopper (level 5, 0/44 HPs)
             Began as an Armataur Fighter on Feb 15, 2023.
             Slain by Edmund
             ... wielding a +2 flail of protection
              (8 damage)
             ... on level 5 of the Dungeon.
             The game lasted 00:02:12 (322 turns).

rlgrobin the Chopper (Armataur Fighter)              Turns: 322, Time: 00:02:13

Health: 0/44       AC:  8    Str: 21    XL:     5   Next: 58%
Magic:  5/5        EV:  7    Int:  9    God:
Gold:   11         SH:  4    Dex: 11    Spells: 4/4 levels left

rFire   . . .      SeeInvis .    a - +0 war axe
rCold   . . .      Faith    .    c - +0 buckler
rNeg    . . .      Spirit   .    b - +0 scale mail
rPois   .          Reflect  .    f - +0 helmet
rElec   .          Harm     .    (no cloak)
rCorr   .          Roll     +    (no gloves)
Will    .....                    (no barding) Stlth
                                 (no amulet)
HPRegen 0.27/turn                (no ring)
MPRegen 0.09/turn                (no ring)

@: no status effects
A: large, rugged brown scales 3, deformed body, armoured tail, roll, long
tongue, awkward tongue
a: no special abilities


You were on level 5 of the Dungeon.
You visited 1 branch of the dungeon, and saw 5 of its levels.

You collected 11 gold pieces.

Inventory:

Hand Weapons
 a - a +0 war axe (weapon)
Armour
 b - a +0 scale mail (worn)
 c - a +0 buckler (worn)
 f - a +0 helmet (worn)
Scrolls
 e - a scroll of enchant armour {unknown}
 g - a scroll of noise {unknown}


   Skills:
 - Level 2.6 Fighting
 + Level 4.9 Axes
 - Level 3.6 Armour
 - Level 3.2 Shields


You had 4 spell levels left.
You didn't know any spells.
Your spell library contained the following spells:

 Spells                   Type           Power      Damage    Failure   Level
 Sting                    Tmut/Pois      0%         1d3       80%         1
 Poisonous Vapours        Pois/Air       0%         N/A       90%         2
 Olgreb's Toxic Radiance  Pois           0%         N/A       100%        4


Dungeon Overview and Level Annotations

Branches:
Dungeon (5/15)
 Temple: D:4-7

Altars:
Gozag

Annotations:
D:5 Edmund


Innate Abilities, Weirdness & Mutations

You are completely covered in rugged brown scales. (AC +3, +7% HP)
Armour fits poorly on your strangely shaped body.
You have a long armoured tail.
You roll when moving toward enemies. (Rampage)
Your long tongue fully drains potion bottles. (2x potion effects)
Your tongue gives you trouble enunciating. (1.5x scroll delay)


Message History

You hit Edmund.
Edmund is moderately wounded.
Edmund hits you with a +2 flail of protection.
You hit Edmund but do no damage.
Edmund is moderately wounded.
Edmund says, "A flail is better than a scythe, any day of the week!"
Edmund hits you with a +2 flail of protection!
* * * LOW HITPOINT WARNING * * *
Edmund barely misses you.
You hit Edmund.
Edmund is heavily wounded.
Edmund says, "What use are spells, anyway?"
Edmund hits you with a +2 flail of protection.
* * * LOW HITPOINT WARNING * * *
You barely miss Edmund.
Edmund is heavily wounded.
You block Edmund's attack.
You hit Edmund but do no damage.
Edmund is heavily wounded.
Edmund hits you but does no damage.
You hit Edmund but do no damage.
Edmund is heavily wounded.
Edmund barely misses you.
Edmund hits you with a +2 flail of protection.
* * * LOW HITPOINT WARNING * * *
You closely miss Edmund.
Your tail-slap misses Edmund.
Edmund is heavily wounded.
You block Edmund's attack.
You slash Edmund!
Edmund is severely wounded.
Edmund barely misses you.
You hit Edmund.
Edmund is severely wounded.
You block Edmund's attack.
Edmund hits you with a +2 flail of protection.
* * * LOW HITPOINT WARNING * * *
You closely miss Edmund.
Edmund is severely wounded.
Edmund hits you with a +2 flail of protection!
You die...

#..#
######..#
.........#
########.#
#.# #.#
#.# #.#
#@#
#..>.@.#
#.######


You could see Edmund.

Vanquished Creatures
  2 necrophages
  A jelly (D:3)
  3 gnolls (D:4)
  2 adders
  An orc (D:5)
  2 endoplasms
  A hobgoblin (D:1)
  2 jackals (D:3)
  A kobold (D:2)
15 creatures vanquished.

Vanquished Creatures (others)
  A withered plant (D:3)
1 creature vanquished.

Grand Total: 16 creatures vanquished

Notes
Turn   | Place    | Note
-------+----------+-------------------------------------------
     0 | D:1      | rlgrobin the Armataur Fighter began the quest for the Orb.
     0 | D:1      | Reached XP level 1. HP: 19/19 MP: 1/1
    61 | D:2      | Found an opulent altar of Gozag.
   146 | D:4      | Noticed a jelly
   146 | D:4      | Noticed a necrophage
   154 | D:3      | Killed a jelly
   155 | D:3      | Reached skill level 3 in Axes
   155 | D:3      | Reached XP level 2. HP: 21/26 MP: 2/2
   155 | D:3      | Reached XP level 3. HP: 26/32 MP: 3/3
   195 | D:4      | Killed a necrophage
   196 | D:4      | Reached skill level 4 in Axes
   196 | D:4      | Reached XP level 4. HP: 22/39 MP: 4/4
   200 | D:5      | Entered Level 5 of the Dungeon
   200 | D:5      | Noticed a necrophage
   209 | D:5      | Killed a necrophage
   210 | D:5      | Reached XP level 5. HP: 24/44 MP: 5/5
   303 | D:5      | Noticed Edmund
   322 | D:5      | Slain by Edmund

Illustrated notes

Levels and vault maps discovered:
D:1:      co_arrival_square_in_a_square_in_a_square, layout_loops_ring
D:2:      layout_basic, basic_altar
D:3:      layout_basic, kiku_gazebo_garden_becter, grunt_decor_one_mirror
D:4:      layout_basic, mainiacjoe_overflow_catwalk,
          minmay_temple_entry_nine_rooms, minivault_4
D:5:      layout_loops_ring, nicolae_qazlal_general_emergency,
          nicolae_overflow_crystal_walls, uniq_crazy_yiuf_cottage, uniq_edmund,
          uniq_prince_ribbit1

Skill      XL: |  1  2  3 |
---------------+----------+-----
Axes           | 3 4 |  4.9
Fighting       | |  2.6
Armour         | |  3.6
Shields        | |  3.2

Action                     |  1- 3 |  4- 6 || total
---------------------------+-------+-------++-------
  Melee: War axe           |    28 |    34 ||    62
         Tailslap          |     3 |     1 ||     4
    Use: Potion            |     1 |     1 ||     2
 Armour: Scale mail        |    23 |     9 ||    32
  Dodge: Dodged            |     8 |     8 ||    16
  Block: Buckler           |     9 |     6 ||    15

Table legend: (Time is in decaauts)
 A = Elapsed time spent in this place.
 B = Non-inter-level travel time spent in this place.
 C = Inter-level travel time spent in this place.
 D = Time resting spent in this place.
 E = Time spent auto-exploring this place.
 F = Levels seen in this place.
 G = Mean time per level.
                   A        B        C        D        E       F      G
               +--------+--------+--------+--------+--------+-----+--------+
         Total |    344 |    335 |      9 |      0 |      1 |   5 |   68.8 |
       Dungeon |    344 |    335 |      9 |      0 |      1 |   5 |   68.8 |
               +--------+--------+--------+--------+--------+-----+--------+

Top non-repeatable levels by time:
     D:4: 85 daAuts
     D:3: 69 daAuts
     D:5: 64 daAuts
     D:1: 62 daAuts
     D:2: 62 daAuts
